 Dungeon Crawl Stone Soup version 0.30-a0-118-ga018f8e90f (webtiles) character file.

Game seed: 4796487768148654787

7902 drugrobin the Slicer (level 10, -9/91 HPs)
             Began as a Demigod Delver on Sept 14, 2022.
             Mangled by a hornet (14 damage)
             ... while paralysed by a hornet
             ... on level 10 of the Dungeon.
             The game lasted 00:32:57 (14682 turns).

drugrobin the Slicer (Demigod Delver)              Turns: 14682, Time: 00:32:59

Health: -9/91      AC:  8    Str: 19    XL:     10   Next: 72%
Magic:  15/15      EV:  2    Int: 16    God:
Gold:   50         SH:  0    Dex: 19    Spells: 4/11 levels left

rFire   + . .      SeeInvis .    a - +9 great sword of the Butterfly {drain, rCorr}
rCold   . . .      Faith    .    (shield currently unavailable)
rNeg    . . .      Spirit   .    E - +0 troll leather armour
rPois   .          Reflect  .    (no helmet)
rElec   .          Harm     .    n - +0 cloak "Ongio" {rF+ Str+2}
rCorr   +          Rampage  .    q - +1 pair of gloves
Will    +....                    l - +0 pair of boots
Stlth   +++.......               J - amulet of the acrobat
HPRegen 1.05/turn                (no ring)
MPRegen 0.14/turn                (no ring)

@: paralysed, lethally poisoned (-9 -> -22), slowed
A: high MP 1, forlorn, divine attributes
a: no special abilities


You were on level 10 of the Dungeon.
You visited 1 branch of the dungeon, and saw 10 of its levels.

You collected 443 gold pieces.
You spent 393 gold pieces at shops.

Inventory:

Hand Weapons
 a - the +9 great sword of the Butterfly (weapon) {drain, rCorr}
   (You bought it in a shop on level 8 of the Dungeon)

   A truly terrible weapon, it drains the life of any living foe it strikes.
   rCorr:     It protects you from acid and corrosion.
 b - a +1 hand axe of venom
 G - a +0 falchion
 N - a +0 short sword
 O - a +5 short sword
Missiles
 m - 30 poisoned darts
 r - a throwing net
 L - 4 boomerangs (quivered)
Armour
 l - a +0 pair of boots (worn)
 n - the +0 cloak "Ongio" (worn) {rF+ Str+2}
   (You found it on level 4 of the Dungeon)

   Str:       It affects your strength (+2).
   rF:        It protects you from fire.
 q - a +1 pair of gloves (worn)
 E - a +0 troll leather armour (worn)
 I - a +2 leather armour of willpower
 K - +2 acid dragon scales
 P - a +2 ring mail of poison resistance
Jewellery
 p - a ring of ice
 y - a ring of ice
 J - an amulet of the acrobat (around neck)
Wands
 e - a wand of acid (2)
 g - a wand of digging (3)
 H - a wand of flame (7)
Scrolls
 c - a scroll of fog
 d - a scroll of magic mapping
 h - 3 scrolls of enchant weapon {unknown}
 i - a scroll of torment {unknown}
 j - 2 scrolls of poison {unknown}
 k - a scroll of silence {unknown}
 o - 9 scrolls of identify {unknown}
 s - 3 scrolls of teleportation {unknown}
 t - a scroll of summoning {unknown}
 u - 3 scrolls of amnesia {unknown}
 z - 2 scrolls of vulnerability {unknown}
 M - 2 scrolls of noise {unknown}
Potions
 f - 3 potions of haste
 v - 3 potions of heal wounds
 x - 2 potions of ambrosia {unknown}
 A - a potion of mutation {unknown}
 B - 2 potions of attraction
 C - 2 potions of lignification
 D - a potion of invisibility
 Q - a potion of cancellation {unknown}


   Skills:
 - Level 9.6 Fighting
 - Level 10.0(11.0) Short Blades
 + Level 7.3(9.7) Long Blades
 - Level 1.7 Dodging
 - Level 4.5 Stealth
 - Level 1.2 Spellcasting
 - Level 3.0 Summonings


You had 4 spell levels left.
You knew the following spells:

 Your Spells              Type           Power      Damage    Failure   Level
a - Summon Small Mammal   Summ           40%        N/A       8%          1
b - Call Canine Familiar  Summ           10%        N/A       24%         3
c - Summon Guardian Gole  Hex/Summ       5%         N/A       41%         3

Your spell library contained the following spells:

 Spells                   Type           Power      Damage    Failure   Level
 Necrotise                Necr           0%         1d4       26%         1
 Ozocubu's Armour         Ice            0%         N/A       63%         3
 Summon Forest            Summ/Tloc      2%         N/A       99%         5
 Summon Mana Viper        Hex/Summ       5%         N/A       99%         5
 Metabolic Englaciation   Hex/Ice        0%         N/A       100%        5
 Simulacrum               Ice/Necr       0%         N/A       100%        6
 Summon Cactus Giant      Summ           5%         N/A       100%        6


Dungeon Overview and Level Annotations

Branches:
Dungeon (10/15)            Temple (0/1) D:5
   Lair: D:8-11         Orc: D:9-12

Shops:
D:7 *   D:8 (:*

Annotations:
D:5 1 runed translucent door, RandomusNamus's ghost, amateur MiCA


Innate Abilities, Weirdness & Mutations

You have an increased reservoir of magic. (+10% MP)
You shall have no god before yourself.
Your divine heritage dramatically boosts your attributes as you level up.


Message History

The hornet barely misses you.
Unknown command.
Unknown command.
Unknown command.
Aiming: Corrosive Bolt
Press: ? - help, Shift-Dir - straight line, f/p - hornet
Aim: a hornet (moderately wounded, 57% to hit)
The bolt of acid hits the hornet!
The acid corrodes the hornet!
The hornet is almost dead.
You feel very sick. The hornet stings you!
* * * LOW HITPOINT WARNING * * *
You are more poisoned.
You feel as though you will be slow longer.
The hornet stings you.
* * * LOW HITPOINT WARNING * * *
You are lethally poisoned!
You feel as though you will be slow longer.
Unknown command.
Unknown command.
Unknown command.
Aiming: Throw Flame
Press: ? - help, Shift-Dir - straight line, f/p - hornet
Aim: a hornet (almost dead, covered in acid, 52% to hit)
The puff of flame misses the hornet.
* * * LOW HITPOINT WARNING * * *
You feel extremely sick. The hornet stings you.
* * * LOW HITPOINT WARNING * * *
You feel as though you will be slow longer.
The hornet misses you. x2
Unknown command.
Okay, then.
It was a potion of heal wounds.
You feel much better.
You feel very sick. The hornet stings you!
* * * LOW HITPOINT WARNING * * *
You are more poisoned.
You suddenly lose the ability to move!
The hornet stings you!
You die...

# .P# .# ... ########.#
... #........### ...
#<####[..... ...
#####)####...###
...#####.)...##.......#(
.......†................
......†......##.@y..((#
.#######.########...###
#.# ...# #.# #.## #.# .>
..# ### ###


You could see a hornet (corroded).

Vanquished Creatures
  A two-headed ogre (D:9)
  Maggie (D:7)
  2 trolls (D:9)
  A hornet (D:10)
  9 yaks
  A shadow (D:10)
  A wyvern (D:9)
  Eustachio (D:5)
  2 steam dragons
  Edmund (D:4)
  3 water moccasins
  3 ice beasts
  3 orc warriors
  2 black bears
  A sky beast (D:7)
  2 centaurs
  2 phantoms (D:5)
  2 kobold brigands
  3 necrophages
  A bullfrog (D:9)
  2 scorpions (D:5)
  A gnoll sergeant (D:6)
  12 wights (D:8)
  11 killer bees
  A howler monkey (D:6)
  4 jellies
  2 gnoll boudas
  5 orc priests
  5 hounds
  Terence (D:3)
  6 orc wizards
  5 iguanas
  13 gnolls
  13 adders
  A shadow imp (D:8)
  A white imp (D:8)
  6 worms
  2 dart slugs
  23 orcs
  6 ball pythons
  5 endoplasms
  A giant cockroach (D:2)
  7 goblins
  7 hobgoblins
  7 jackals
  7 quokkas
  7 bats
  3 frilled lizards
  19 kobolds
  3 rats
228 creatures vanquished.

Vanquished Creatures (others)
  An orc wizard (D:3)
  A fungus (D:10)
  12 plants (D:10)
14 creatures vanquished.

Grand Total: 242 creatures vanquished

Notes
Turn   | Place    | Note
-------+----------+-------------------------------------------
     0 | D:5      | drugrobin the Demigod Delver began the quest for the Orb.
     0 | D:5      | Reached XP level 1. HP: 18/18 MP: 3/3
    41 | D:5      | Found a runed translucent door.
    42 | D:5      | Noticed RandomusNamus's ghost (amateur MiCA)
   140 | D:5      | Noticed a jelly
   205 | D:5      | Noticed Eustachio
   236 | D:5      | Found a staircase to the Ecumenical Temple.
   245 | D:5      | Noticed an iguana
   320 | D:4      | Reached skill level 2 in Short Blades
   653 | D:4      | Identified the +0 cloak "Ongio" {rF+ Str+2}
   854 | D:4      | Noticed Edmund
   944 | D:3      | Reached XP level 2. HP: 10/25 MP: 4/4
  1171 | D:3      | Reached skill level 3 in Short Blades
  1458 | D:2      | Reached XP level 3. HP: 30/30 MP: 5/5
  2175 | D:2      | Reached skill level 4 in Short Blades
  2538 | D:1      | Reached XP level 4. HP: 37/37 MP: 6/6
  4038 | D:3      | Noticed Terence
  4047 | D:3      | Killed Terence
  4048 | D:3      | Reached skill level 5 in Short Blades
  4048 | D:3      | Reached XP level 5. HP: 42/42 MP: 7/7
  4463 | D:3      | Got Kikubaaqudgha's Directory of Death
  5314 | D:5      | Reached skill level 6 in Short Blades
  5338 | D:5      | Reached XP level 6. HP: 42/50 MP: 8/8
  5778 | D:5      | Reached skill level 7 in Short Blades
  5861 | D:5      | Reached XP level 7. HP: 22/56 MP: 9/9
  6244 | D:5      | Reached skill level 8 in Short Blades
  6956 | D:5      | Killed Eustachio
  7140 | D:4      | Killed Edmund
  7141 | D:4      | Reached skill level 9 in Short Blades
  7307 | D:6      | Learned a level 1 spell: Summon Small Mammal
  7311 | D:6      | Learned a level 3 spell: Call Canine Familiar
  7357 | D:6      | Reached XP level 8. HP: 39/62 MP: 10/10
  8724 | D:6      | Reached skill level 10 in Short Blades
  8957 | D:7      | Noticed Maggie
  8977 | D:7      | Killed Maggie
  8978 | D:7      | Reached skill level 5 in Fighting
  9555 | D:7      | Reached XP level 9. HP: 75/77 MP: 11/11
 10493 | D:7      | Found Gozag's Platinum Reserve.
 11057 | D:8      | Found Ughos's Antique Weapon Shop.
 11060 | D:8      | Bought an iridescent great sword for 195 gold pieces
 11060 | D:8      | Identified the +9 great sword of the Butterfly {drain,
                  | rCorr} (You bought it in a shop on level 8 of the Dungeon)
 11183 | D:8      | Reached skill level 1 in Long Blades
 11338 | D:8      | Found Riloex's Book Boutique.
 12240 | D:8      | Found Biulyeb's General Store.
 12248 | D:8      | Bought a +2 ring mail of poison resistance for 198 gold
                  | pieces
 13339 | D:9      | Reached XP level 10. HP: 91/91 MP: 11/13
 13453 | D:9      | Reached skill level 1 in Spellcasting
 13650 | D:9      | Noticed a two-headed ogre
 13660 | D:9      | Killed a two-headed ogre
 13668 | D:9      | Learned a level 3 spell: Summon Guardian Golem
 14157 | D:9      | Reached skill level 5 in Long Blades
 14391 | D:10     | Entered Level 10 of the Dungeon
 14482 | D:10     | Noticed a two-headed ogre
 14676 | D:10     | Paralysed by a hornet for 2 turns
 14681 | D:10     | HP: 3/91 [poisoned by a hornet]
 14681 | D:10     | HP: 1/91 [hornet (2)]
 14682 | D:10     | Paralysed by a hornet for 1 turns
 14682 | D:10     | Mangled by a hornet

Illustrated notes

Levels and vault maps discovered:
D:1:      wander_arrival_peaceful_grave, layout_rooms, st_stairs_1,
          minmay_bisected
D:2:      layout_loops_ring, grunt_ministairs_5
D:3:      layout_basic, palyth_temple_overflow_mages,
          mainiacjoe_overflow_brackets, minmay_hedge_maze, uniq_terence
D:4:      layout_loops_ring, mainiacjoe_overflow_two_lobes,
          mainiacjoe_overflow_chevrons, hangedman_decor_lopped, uniq_edmund
D:5:      layout_loops_ring, minmay_temple_entry_large_hall,
          ebering_ghost_reflecting_pool, uniq_eustachio
D:6:      minmay_angry_zag, layout_basic, serial_co_window_serial,
          co_window_paths_b, co_window_corner_a, co_window_paths_b,
          co_window_corner_a, co_window_paths_a, co_window_corner_a,
          co_window_of_opportunity_a, co_window_paths_b, co_window_corner_a,
          co_window_broadway_a, co_window_unsneaky_path_b,
          co_window_unsneaky_path_a, co_window_cross_3, co_window_corner_ca,
          co_window_4corner_b, kennysheep_generic_room_5
D:7:      layout_gridville, nicolae_gozag_zags_fifth_avenue, uniq_maggie
D:8:      layout_basic, nicolae_uskayaw_suspiria, lemuel_coloured_pillars_altar,
          serial_shops, kennysheep_mini, shop, shop
D:9:      layout_grid_maze, overflow_temple_1_default
D:10:     layout_loops_ring, mainiacjoe_overflow_paths, zin_treasury,
          minmay_lair_entry_grove

Skill      XL: |  1  2  3  4  5  6  7  8  9 10 |
---------------+-------------------------------+-----
Short Blades   | 2 3 4 5 6 7 9 10 | 10.0
Fighting       | 6 9 |  9.6
Long Blades    | 2 7 |  7.3
Spellcasting   | 1 |  1.2
Summonings     | 3 |  3.0
Dodging        | |  1.7
Stealth        | |  4.5

Action                   |  1- 3 |  4- 6 |  7- 9 | 10-12 || total
-------------------------+-------+-------+-------+-------++-------
Melee: Short sword       |   162 |   392 |   549 |       ||  1103
       Punch             |       |     7 |     8 |       ||    15
       Falchion          |       |       |    47 |       ||    47
       Great sword       |       |       |   120 |    98 ||   218
Throw: Dart              |    11 |    29 |    11 |     4 ||    55
       Boomerang         |       |       |    42 |     1 ||    43
       Throwing net      |       |       |     1 |     1 ||     2
 Cast: Summon Small Mamm |       |       |     6 |     3 ||     9
       Call Canine Famil |       |       |       |     2 ||     2
Evoke: Wand              |       |       |     7 |    12 ||    19
  Use: Potion            |     4 |       |     1 |     1 ||     6
       Scroll            |       |       |     1 |       ||     1
 Stab: Sleeping          |     4 |       |     9 |     2 ||    15
       Invisible         |     2 |       |       |       ||     2
       Distracted        |     1 |       |     3 |       ||     4
       Paralysed         |       |       |     7 |     2 ||     9
       Held in net/web   |       |       |       |     2 ||     2
Armor: Leather armour    |    42 |       |    51 |       ||    93
       Skin              |    17 |       |       |       ||    17
       Chain mail        |     8 |   186 |    64 |       ||   258
       Acid dragon scale |       |       |   121 |     1 ||   122
       Ring mail         |       |       |       |    25 ||    25
       Troll leather arm |       |       |       |    15 ||    15
Dodge: Dodged            |    81 |    99 |   319 |    82 ||   581

Table legend: (Time is in decaauts)
 A = Elapsed time spent in this place.
 B = Non-inter-level travel time spent in this place.
 C = Inter-level travel time spent in this place.
 D = Time resting spent in this place.
 E = Time spent auto-exploring this place.
 F = Levels seen in this place.
 G = Mean time per level.
                   A        B        C        D        E       F      G
               +--------+--------+--------+--------+--------+-----+--------+
         Total |  14370 |  13775 |    595 |   2669 |   7573 |  10 | 1437.0 |
       Dungeon |  14370 |  13775 |    595 |   2669 |   7573 |  10 | 1437.0 |
               +--------+--------+--------+--------+--------+-----+--------+

Top non-repeatable levels by time:
     D:5: 2223 daAuts
     D:6: 2193 daAuts
     D:9: 2004 daAuts
     D:3: 1967 daAuts
     D:8: 1593 daAuts
     D:2: 1201 daAuts
     D:7: 1178 daAuts
     D:4: 1155 daAuts
     D:1: 637 daAuts
    D:10: 214 daAuts
